 Dungeon Crawl Stone Soup version 0.32-a0-450-g080537f31e (webtiles) character file.

Game seed: 17943564920521136697

4 DanteGrimm the Charlatan (level 1, 0/15 HPs)
             Began as a Merfolk Artificer on Feb 24, 2024.
             Slain by an adder (2 damage)
             ... on level 2 of the Dungeon.
             The game lasted 00:08:29 (198 turns).

DanteGrimm the Charlatan (Merfolk Artificer)         Turns: 198, Time: 00:08:29

Health: 0/15       AC:  3    Str: 12    XL:     1   Next: 60%
Magic:  1/1        EV:  9    Int: 10    God:
Gold:   16         SH:  0    Dex: 14    Spells: 0/0 levels left

rFire   . . .        l - +0 short sword
rCold   . . .        (no shield)
rNeg    . . .        b - +0 leather armour
rPois   .            (no helmet)
rElec   .            (no cloak)
rCorr   .            (no gloves)
SInv    .            (no boots)
Will    .....        (no amulet)
Stlth   +            (no ring)
HPRegen 0.22/turn    (no ring)
MPRegen 0.07/turn

%: no passive effects
@: lethally poisoned (0 -> -4), constricted
A: (nimble swimmer 2), mertail
a: no special abilities


You were on level 2 of the Dungeon.
You visited 1 branch of the dungeon, and saw 2 of its levels.

You collected 16 gold pieces.

Inventory:

Hand Weapons
 a - a +0 club
 l - a +0 short sword (weapon)
Missiles
 h - 9 stones
Armour
 b - a +0 leather armour (worn)
Magical Staves
 i - a staff of air
Wands
 c - a wand of flame (15)
 d - a wand of charming (15)
 e - a wand of iceblast (5)
Scrolls
 g - a scroll of identify (quivered) {unknown}
 k - a scroll of enchant weapon {unknown}
Potions
 f - a potion of attraction {unknown}
 j - a potion of brilliance {unknown}


   Skills:
 + Level 1.1 Fighting
 + Level 0.6 Armour
 + Level 2.6 Dodging
 + Level 1.1 Stealth
 + Level 3.3 Evocations


You couldn't memorise any spells.
You didn't know any spells.
Your spell library was empty.

Dungeon Overview and Level Annotations

Branches:
Dungeon (2/15)

Altars:


Innate Abilities, Weirdness & Mutations

((You are very nimble when in or above water. (Stealth+, EV+, Speed+++)))
Your lower body shifts to a powerful aquatic tail in water.


Message History

You hit the goblin.
You kill the goblin!
Things that are here:
a +0 club; a goblin corpse You now have 16 gold pieces (gained 7).
The ball python hisses angrily.
An adder comes into view.
The adder hisses angrily.
You hit the adder.
The adder is lightly wounded.
The adder bites you but does no damage. The adder barely misses you.
You closely miss the adder.
The adder is lightly wounded.
The adder closely misses you.
You hit the adder.
The adder is heavily wounded.
The adder closely misses you.
You closely miss the adder.
The adder is heavily wounded.
The ball python bites you. The ball python misses you.
The adder closely misses you.
The ball python bites you but does no damage.
The ball python closely misses you. The adder bites you but does no damage.
You closely miss the adder.
The adder is heavily wounded.
The adder bites you.
You are poisoned.
The adder poisons you! The ball python bites you. The ball python grabs you.
The ball python constricts you.
You miss the adder.
The adder is heavily wounded.
You feel sick. The adder bites you.
* * * LOW HITPOINT WARNING * * *
The ball python closely misses you. The ball python constricts you.
* * * LOW HITPOINT WARNING * * *
You hit the adder but do no damage.
The adder is heavily wounded.
* * * LOW HITPOINT WARNING * * *
You feel sick. The adder bites you.
You die...

....#.....# .#...#.#
≈≈≈.. ....# ......
≈≈≈≈.##...# #...S #
≈≈≈≈......# #...#
≈≈≈≈......#
#...#######
≈≈.......#
#...#......
#..S..####?..#.##...
#..@S...............
#.............).....
#.#.........)......S
...########...#.#####
### #...#... .
#...##### # #...#
#...# ....#


You could see an adder and a ball python.

Vanquished Creatures
  A goblin (D:2)
  2 kobolds (D:2)
3 creatures vanquished.

Notes
Turn   | Place    | Note
-------+----------+-------------------------------------------
     0 | D:1      | DanteGrimm the Merfolk Artificer began the quest for the
                  | Orb.
     0 | D:1      | Reached XP level 1. HP: 15/15 MP: 1/1
   122 | D:2      | Identified the +0 spear of Qinokuc {pain, Dex+2}
   198 | D:2      | Slain by an adder

Illustrated notes

Levels and vault maps discovered:
D:1:      spicycebolla_arrival_xxxplode, layout_loops_corners,
          nicolae_ecumenical_lake_church, hangedman_decor_growths, hex_tiny,
          kennysheep_doodads
D:2:      layout_loops_cross, serial_shops, nicolae_lakefront_shop, uniq_natasha

Action                     || total
---------------------------++-------
  Melee: Club              ||    14
         Short sword       ||    13
 Armour: Leather armour    ||    22
  Dodge: Dodged            ||    15

Table legend: (Time is in decaauts)
 A = Elapsed time spent in this place.
 B = Non-inter-level travel time spent in this place.
 C = Inter-level travel time spent in this place.
 D = Time resting spent in this place.
 E = Time spent auto-exploring this place.
 F = Levels seen in this place.
 G = Mean time per level.
                   A        B        C        D        E       F      G
               +--------+--------+--------+--------+--------+-----+--------+
         Total |    201 |    152 |     49 |      0 |      0 |   2 |  100.5 |
       Dungeon |    201 |    152 |     49 |      0 |      0 |   2 |  100.5 |
               +--------+--------+--------+--------+--------+-----+--------+

Top non-repeatable levels by time:
     D:2: 112 daAuts
     D:1: 89 daAuts
